 Dungeon Crawl Stone Soup version 0.22-a0-392-g5dc3fd9 (webtiles) character file.

107 Kairos the Covered (level 4, 0/42 HPs)
             Began as a Deep Dwarf Fighter on May 2, 2018.
             Slain by an adder (1 damage)
             ... while paralysed
             ... in a sewer.
             The game lasted 00:04:40 (2449 turns).

Kairos the Covered (Deep Dwarf Fighter)             Turns: 2449, Time: 00:04:40

Health: 0/42       AC: 11    Str: 21    XL:     4   Next: 56%
Magic:  4/4        EV:  2    Int:  8    God:
Gold:   74         SH:  0    Dex: 12    Spells: 3/3 levels left

rFire    . . .     SeeInvis .   h - +0 hunting sling (curse)
rCold    . . .     Gourm    .   c - +0 shield
rNeg     . . .     Faith    .   j - +0 plate armour
rPois    .         Spirit   .   (no helmet)
rElec    .         Reflect  .   (no cloak)
rCorr    .         Harm     .   (no gloves)
MR       .....                  (no boots)
Stlth    ..........             (no amulet)
HPRegen  0.00/turn              (no ring)
MPRegen  0.09/turn              (no ring)

@: paralysed, fainting, non-regenerating
A: damage resistance, heal wounds, sense surroundings 1, no regeneration
a: Heal Wounds


You were in a sewer.
You were fainting.

You visited 1 branch of the dungeon, and saw 3 of its levels.
You also visited: Sewer.

You collected 74 gold pieces.

Inventory:

Hand Weapons
 a - a +0 war axe
 h - a cursed +0 hunting sling (weapon)
Missiles
 l - 63 stones (quivered)
 s - 39 sling bullets
Armour
 b - a +0 scale mail
 c - a +0 shield (worn)
 i - a +0 chain mail
 j - a +0 plate armour (worn)
Scrolls
 e - a scroll of blinking
 k - a scroll of teleportation
 m - 2 scrolls of amnesia
 n - a scroll of identify
 p - a scroll of fear
Potions
 d - a potion of might
 g - a potion of curing {unknown}
 q - a potion of flight {unknown}
 t - a potion of brilliance {unknown}
Comestibles
 f - 6 rations


   Skills:
 + Level 3.5 Fighting
 + Level 3.3 Axes
 + Level 4.0 Armour
 + Level 0.1 Dodging
 + Level 3.7 Shields


You had 3 spell levels left.
You didn't know any spells.

Dungeon Overview and Level Annotations

Branches:
Dungeon (3/15)

Altars:
Ashenzari
Sif Muna


Innate Abilities, Weirdness & Mutations

You are resistant to damage.
You can heal yourself by infusing magical energy.
You passively map a small area around you.
You do not regenerate.


Message History

You enter the shallow water.
Moving in this stuff is going to be slow.
The adder bites you but does no damage. You block the adder's attack.
The adder barely misses you.
You enter the shallow water.
Moving in this stuff is going to be slow.
You block the adder's attack. You block the adder's attack.
The adder bites you but does no damage. The adder barely misses you.
You enter the shallow water.
Moving in this stuff is going to be slow.
The adder bites you but does no damage.
You lose consciousness!
The adder bites you but does no damage. The adder bites you.
* * * LOW HITPOINT WARNING * * *
The adder bites you but does no damage. x3
The adder bites you. The adder bites you.
You die...

#.≈≈# #.≈.# #≈.≈##
#. #≈.≈.## #.≈
#.≈≈..#####..≈≈≈
##..≈≈≈..≈.≈≈≈. *
≈,, ≈
###..≈≈≈≈.≈.# * ≈
≈≈ * ##S...≈≈.#* ≈
≈, ,
*##≈@.≈≈≈.##** ≈ ≈
*
.≈.##≈...≈.≈≈≈##.
*..≈≈≈..≈≈≈.≈.≈.≈≈
#≈≈...≈≈.........
#≈≈.≈....∩..≈...≈
#≈.≈≈.≈≈...≈≈≈.≈≈
#≈≈≈.....∩.≈≈≈≈.≈
#≈≈.............≈
*
..≈.≈≈..≈....≈≈≈≈
*


You could see an adder.

Vanquished Creatures
  A gnoll (D:1)
  2 adders
  A worm (D:2)
  3 dart slugs
  5 leopard geckos
  A ball python (D:1)
  2 giant cockroaches
  10 goblins
  6 hobgoblins
  8 jackals
  4 bats
  9 kobolds
  10 rats
62 creatures vanquished.

Notes
Turn   | Place    | Note
-------+----------+-------------------------------------------
     0 | D:1      | Kairos the Deep Dwarf Fighter began the quest for the Orb.
     0 | D:1      | Reached XP level 1. HP: 20/20 MP: 1/1
    54 | D:1      | Reached XP level 2. HP: 24/27 MP: 2/2
   374 | D:1      | Reached XP level 3. HP: 20/34 MP: 3/3
  1251 | D:2      | Found a shattered altar of Ashenzari.
  1456 | D:2      | Reached XP level 4. HP: 15/42 MP: 4/4
  1580 | D:2      | Found a deep blue altar of Sif Muna.
  1982 | D:3      | Reached skill level 4 in Armour
  2206 | D:3      | Found a glowing drain.
  2305 | Sewer    | Entered a sewer
  2445 | Sewer    | Paralysed by fainting for 8 turns
  2445 | Sewer    | HP: 1/42 [adder (2)]
  2449 | Sewer    | Slain by an adder

Vault maps used:
D:1:      giann_forest_graveyard
D:2:      nicolae_ashenzari_panopticon, lemuel_blue_sif_altar, hex_tiny
D:3:      cheibrodos_sewer_entry_bend
Sewer:    sewer_co_tree

Skill      XL: |  1  2  3  4 |
---------------+-------------+-----
Fighting       | 3 |  3.5
Axes           | 3 |  3.3
Armour         | 4 |  4.0
Dodging        | |  0.1
Shields        | |  3.7

Action                   |  1- 3 |  4- 6 || total
-------------------------+-------+-------++-------
Melee: War axe           |   124 |    61 ||   185
       Hunting sling     |       |   102 ||   102
  Use: Scroll            |       |     6 ||     6
  Eat: Chunk             |     2 |     1 ||     3
Armor: Scale mail        |    16 |       ||    16
       Plate armour      |    48 |   169 ||   217
       Chain mail        |     1 |       ||     1
Dodge: Dodged            |    41 |    47 ||    88
Block: Shield            |    58 |   125 ||   183

Table legend:
 A = Spawn XP
 B = Non-spawn XP
 C = Spawn XP percentage of total XP
 D = Spawn monster count
 E = Non-spawn monster count
 F = Spawn count percentage of total count
 G = Total turns spent on level
                    A         B        C        D         E        F      G
               +---------+---------+-------+---------+---------+-------+---------
         Total |       0 |     153 |   0.0 |       0 |      62 |   0.0 |  2449
               +---------+---------+-------+---------+---------+-------+---------
           D:1 |       0 |      72 |   0.0 |       0 |      32 |   0.0 |  1163
           D:2 |       0 |      49 |   0.0 |       0 |      20 |   0.0 |   774
           D:3 |       0 |      32 |   0.0 |       0 |      10 |   0.0 |   368
               +---------+---------+-------+---------+---------+-------+---------
